 Dungeon Crawl Stone Soup version 0.31-a0-859-g9dce7d3444 (webtiles) character file.

Game seed: 9036532821970802572

4164 Dirtsage the Grappler (level 10, -3/62 HPs)
             Began as an Octopode Shapeshifter on Oct 9, 2023.
             Was a Believer of Wu Jian.
             Slain by a human
             ... wielding a +0 war axe
              (15 damage)
             ... in a bailey on Oct 10, 2023.
             The game lasted 00:17:57 (7176 turns).

Dirtsage the Grappler (Octopode Shapeshifter)       Turns: 7176, Time: 00:17:57

Health: -3/62      AC:  1    Str: 18    XL:     10   Next: 28%
Magic:  10/10      EV: 18    Int: 12    God:    Wu Jian [**....]
Gold:   243        SH:  0    Dex: 12    Spells: 9/9 levels left

rFire   . .          .
                       - Unarmed
rCold   . . .        (no shield)
rNeg    . . .        (helmet restricted)
rPois   .            (no amulet)
rElec   .            f - +5 ring of evasion
rCorr   .            (no ring)
SInv    .            (no ring)
Will    .....        (no ring)
Stlth   ++           (no ring)
HPRegen 0.30/turn    (no ring)
MPRegen 0.12/turn    (no ring)
                     (no ring)

%: no passive effects
@: maw-form
A: devouring maw, reduced hp, almost no armour, amphibious, 8 rings, camouflage
1, gelatinous body 1, (nimble swimmer 1), tentacles
a: Begin Untransformation, Renounce Religion, Wall Jump


You were in a bailey.
You worshipped Wu Jian.
Wu Jian was pleased with you.
You were a creature with a mouth for a stomach.
You visited 2 branches of the dungeon, and saw 9 of its levels.
You also visited: Bailey.

You collected 313 gold pieces.
You spent 70 gold pieces at shops.

Inventory:

Missiles
 k - a throwing net
Armour
 v - a +0 buckler
Magical Staves
 e - a staff of poison
Jewellery
 f - a +5 ring of evasion (left tentacle)
Talismans
 b - a beast talisman
 c - a flux talisman
 p - a maw talisman (active)
Wands
 o - a wand of paralysis (28)
 D - a wand of digging (5)
Scrolls
 d - a scroll of torment
 g - a scroll of enchant armour
 l - a scroll of fog
 m - a scroll of fear {unknown}
 s - a scroll of enchant weapon
 t - 2 scrolls of teleportation
 u - 2 scrolls of poison
 w - a scroll of blinking {unknown}
 y - a scroll of immolation
Potions
 a - a potion of lignification
 h - 4 potions of mutation
 j - a potion of attraction
 n - a potion of resistance
 q - a potion of curing
 r - a potion of invisibility {unknown}
 x - a potion of brilliance {unknown}


   Skills:
 + Level 5.4 Fighting
 - Level 2.0 Dodging
 * Level 10.1 Unarmed Combat
 * Level 9.4 Shapeshifting


You had 9 spell levels left.
You didn't know any spells.
Your spell library contained the following spells:

 Spells                   Type           Power      Damage    Failure   Level
 Sandblast                Erth           0%         2d4       32%         1
 Cigotuvi's Dreadful Rot  Necr/Pois/Air  0%         N/A       45%         2
 Passwall                 Tmut/Erth      0%         N/A       45%         2
 Sublimation of Blood     Necr           0%         N/A       45%         2
 Wereblood                Tmut           0%         N/A       45%         2
 Stone Arrow              Conj/Erth      0%         3d7       69%         3
 Brom's Barrelling Bould  Conj/Erth      0%         2d3       97%         4
 Dispel Undead            Necr           0%         3d6       97%         4
 Death Channel            Necr           0%         N/A       100%        6
 Summon Hydra             Summ           0%         N/A       100%        7


Dungeon Overview and Level Annotations

Branches:
Dungeon (8/15)             Temple (1/1) D:7          Bailey (1/1)
   Lair: D:8-11

Altars:
Ashenzari
Dithmenos
Elyvilon
Fedhas
Gozag
Hepliaklqana
Kikubaaqudgha
Makhleb
Nemelex Xobeh
Okawaru
Qazlal
Ru
Sif Muna
Trog
Uskayaw
Vehumet
Wu Jian
Xom
Yredelemnul
Zin
The Shining One

Shops:
D:8 ?

Annotations:
D:6 Pikel


Innate Abilities, Weirdness & Mutations

You are a creature with a mouth for a stomach.
Your midsection houses a second, enormous mouth.
Your maximum health is decreased, since you lack skill for your form.
You cannot wear most types of armour.
You are amphibious.
You can wear up to eight rings at the same time.
Your skin changes colour to match your surroundings (Stealth+).
Your rubbery body absorbs attacks. (AC +1, EV +1)
((You are camouflaged when in or above water. (Stealth+)))
You have tentacles for arms and can constrict up to eight enemies at once.


Message History

You grab the bullfrog. You squeeze the bullfrog.
You kill the bullfrog!
The Council accepts your kill.
You spin and attack the bullfrog.
You tentacle-slap the bullfrog. You bite the bullfrog.
The bullfrog is heavily wounded.
The bullfrog misses you.
You spin and attack the bullfrog.
You bludgeon the bullfrog!
You devour the bullfrog!
You feel better.
You kill the bullfrog!
The Council accepts your kill.
You regained 7 hp, and now have 40/62 hp.
You closely miss the human. You grab the human.
You bite the human, but do no damage.
You constrict the human, but do no damage.
The human barely misses you.
You tentacle-slap the human but do no damage.
You constrict the human, but do no damage.
The human barely misses you.
You tentacle-slap the human.
You squeeze the human, but do no damage.
You bite the human!
The human is moderately wounded.
You constrict the human, but do no damage.
The human hits you with a +0 war axe!
You take 12 damage, and have 28/62 hp.
You bludgeon the human!
The human is heavily wounded.
You constrict the human. The human hits you with a +0 war axe!
* * * LOW HITPOINT WARNING * * *
You take 16 damage, and have 12/62 hp.
MASSIVE DAMAGE!!
You bludgeon the human!
The human is almost dead.
You constrict the human. You barely miss the human.
You squeeze the human, but do no damage.
You bite the human, but do no damage.
The human is almost dead.
You constrict the human. The human hits you with a +0 war axe!
You die...

#≈~...~~~≈
#≈~..~~~≈#
#≈~.~≈≈~≈#
##≈~.≈#
#≈~..≈####
#≈~..≈#..+
###'###..##
#.p.†.#...#
#W....#...#
#..####...#
#....#..))#
##......#)#+#
##....##)).##
######.....#
#.∩.∩.#
#.....#
##...##


You could see a human.

Vanquished Creatures
  A troll (D:6)
  Eustachio (D:6)
  3 humans (Bailey)
  A steam dragon (D:8)
  2 water moccasins
  4 ice beasts
  2 orc warriors
  A black bear (D:6)
  3 centaurs
  4 lemures
  A phantom (D:7)
  A gnoll sergeant (D:7)
  9 bullfrogs
  A scorpion (D:5)
  9 wights
  A jelly (D:6)
  4 howler monkeys (D:8)
  2 orc priests
  A gnoll bouda (D:5)
  A sleepcap (D:5)
  3 hounds
  An iguana (D:5)
  6 orc wizards
  13 gnolls
  8 adders
  A shadow imp (D:6)
  2 white imps
  An ufetubus (D:5)
  2 worms
  4 dart slugs
  31 orcs
  6 endoplasms
  4 giant cockroaches
  4 goblins
  7 hobgoblins
  5 jackals
  3 quokkas
  5 ball pythons
  5 bats
  5 frilled lizards
  6 kobolds
  8 rats
182 creatures vanquished.

Notes
Turn   | Place    | Note
-------+----------+-------------------------------------------
     0 | D:1      | Dirtsage the Octopode Shapeshifter began the quest for the
                  | Orb.
     0 | D:1      | Reached XP level 1. HP: 13/13 MP: 1/1
   221 | D:1      | Reached XP level 2. HP: 18/18 MP: 2/2
   703 | D:1      | You fall into a shaft and drop 1 floor!
   726 | D:2      | Reached XP level 3. HP: 20/23 MP: 3/3
  1700 | D:3      | Reached XP level 4. HP: 28/28 MP: 4/4
  1710 | D:3      | Reached skill level 4 in Unarmed Combat
  1718 | D:3      | Reached XP level 5. HP: 24/33 MP: 5/5
  2554 | D:4      | Noticed a water moccasin
  2558 | D:4      | Killed a water moccasin
  2559 | D:4      | Reached skill level 5 in Unarmed Combat
  2559 | D:4      | Reached XP level 6. HP: 32/38 MP: 6/6
  2722 | D:4      | Found a burning altar of Makhleb.
  2747 | D:4      | Reached skill level 5 in Shapeshifting
  3317 | D:5      | Entered Level 5 of the Dungeon
  3634 | D:5      | Noticed an ice beast
  3664 | D:5      | Killed an ice beast
  3665 | D:5      | Reached XP level 7. HP: 43/43 MP: 7/7
  3758 | D:5      | Reached skill level 6 in Unarmed Combat
  3887 | D:5      | Identified the +2 plate armour "Lyecwy" {Dex+4}
  4291 | D:6      | Noticed a troll
  4298 | D:6      | Killed a troll
  4299 | D:6      | Reached XP level 8. HP: 50/50 MP: 8/8
  4302 | D:6      | Reached skill level 7 in Unarmed Combat
  4354 | D:6      | Noticed Pikel
  4440 | D:6      | Noticed Eustachio
  4451 | D:6      | Killed Eustachio
  4453 | D:6      | Identified the +6 chain mail of the Circus Animal {*Corrode
                  | rN++ Str-5 Int+8}
  4803 | D:6      | Found an opulent altar of Gozag.
  4803 | D:6      | Found a sparkling altar of Nemelex Xobeh.
  5204 | D:7      | Reached skill level 8 in Unarmed Combat
  5206 | D:7      | Reached XP level 9. HP: 33/57 MP: 9/9
  5328 | D:7      | Found a staircase to the Ecumenical Temple.
  5338 | Temple   | Entered the Ecumenical Temple
  5359 | Temple   | Became a worshipper of the Wu Jian Council
  5621 | D:6      | Found a glowing golden altar of the Shining One.
  5632 | D:6      | Found a bloodstained altar of Trog.
  5657 | D:6      | Found a blossoming altar of Fedhas.
  6074 | D:7      | Reached * piety under Wu Jian
  6291 | D:7      | Found a shimmering blue altar of Sif Muna.
  6341 | D:7      | Reached skill level 9 in Unarmed Combat
  6443 | D:8      | Found a flagged portal.
  6493 | D:8      | Found Minel's Magic Scroll Shoppe.
  6506 | D:8      | Bought a scroll of teleportation for 30 gold pieces
  6506 | D:8      | Bought a scroll of poison for 40 gold pieces
  6728 | D:8      | Reached XP level 10. HP: 30/65 MP: 10/10
  6858 | D:8      | Found a basalt altar of Yredelemnul.
  6985 | D:8      | Reached skill level 5 in Fighting
  6995 | Bailey   | Entered a bailey
  7022 | Bailey   | Reached ** piety under Wu Jian
  7157 | Bailey   | Reached skill level 10 in Unarmed Combat
  7176 | Bailey   | Slain by a human

Illustrated notes

Levels and vault maps discovered:
D:1:      dpeg_arrival_stone_temple_mockup, layout_basic
D:2:      layout_basic, dreamdust_princess_corridor, minmay_split_cup_small
D:3:      layout_basic, minivault_26, minmay_strange_pillars,
          serial_bayou_pond_e, grunt_ministairs_4
D:4:      layout_loops_ring, makhleb_heckhound_becter, minivault_5
D:5:      minmay_spotlight, layout_basic
D:6:      layout_gridville, grunt_temple_overflow_opulence,
          kennysheep_mini_moat, mainiacjoe_overflow_catch_the_wave,
          uniq_eustachio, uniq_pikel
D:7:      layout_loops_ring, lemuel_blue_sif_altar, minmay_temple_entry_tees
D:8:      layout_loops_ring, lemuel_coloured_pillars_altar, dpeg_oklobed_lair,
          enter_bailey_2, serial_shops, shop
Temple:   nicolae_temple_bog_church
Bailey:   bailey_axe_froggy_fort_hellmonk, bailey

Skill      XL: |  1  2  3  4  5  6  7  8  9 10 |
---------------+-------------------------------+-----
Unarmed Combat | 4 5 6 8 9 10 | 10.1
Shapeshifting  | 4 5 6 7 8 9 |  9.4
Fighting       | 2 3 4 5 |  5.4
Dodging        | |  2.0

Action                     |  1- 3 |  4- 6 |  7- 9 | 10-12 || total
---------------------------+-------+-------+-------+-------++-------
  Melee: Unarmed           |    71 |    76 |   212 |    51 ||   410
         Constrict         |    17 |    19 |    43 |    13 ||    92
         Tentacles         |    16 |    16 |    52 |    12 ||    96
         Punch             |       |     3 |    17 |     5 ||    25
         Maw               |       |       |       |     7 ||     7
Ability: Lunge             |       |       |    16 |     4 ||    20
         Whirlwind         |       |       |       |    14 ||    14
  Evoke: Wand              |       |     3 |     2 |       ||     5
    Use: Scroll            |     4 |     5 |     3 |     1 ||    13
         Potion            |       |       |     1 |       ||     1
   Stab: Sleeping          |     5 |     3 |     4 |       ||    12
         Paralysed         |       |       |     2 |       ||     2
         Distracted        |       |       |     1 |       ||     1
 Armour: Skin              |    16 |    24 |    70 |    19 ||   129
  Dodge: Dodged            |    39 |    43 |   158 |    32 ||   272
   Form: Maw               |       |       |       |     1 ||     1

Table legend: (Time is in decaauts)
 A = Elapsed time spent in this place.
 B = Non-inter-level travel time spent in this place.
 C = Inter-level travel time spent in this place.
 D = Time resting spent in this place.
 E = Time spent auto-exploring this place.
 F = Levels seen in this place.
 G = Mean time per level.
                   A        B        C        D        E       F      G
               +--------+--------+--------+--------+--------+-----+--------+
         Total |   7132 |   6684 |    448 |    368 |   5075 |  10 |  713.2 |
       Dungeon |   6921 |   6500 |    421 |    264 |   5059 |   8 |  865.1 |
        Temple |     34 |      7 |     27 |      0 |      0 |   1 |   34.0 |
        Bailey |    175 |    175 |      0 |    104 |     16 |   1 |  175.0 |
               +--------+--------+--------+--------+--------+-----+--------+

Top non-repeatable levels by time:
     D:5: 1152 daAuts
     D:7: 1064 daAuts
     D:1: 975 daAuts
     D:4: 842 daAuts
     D:6: 835 daAuts
     D:3: 821 daAuts
     D:2: 715 daAuts
     D:8: 514 daAuts
  Bailey: 175 daAuts
  Temple: 34 daAuts
